 Dungeon Crawl Stone Soup version 0.23.1 (webtiles) character file.

Game seed: 12110985960167960090

166 FunkyPutin the Cudgeler (level 5, -6/33 HPs)
             Began as a Gargoyle Fighter on Mar 7, 2019.
             Killed by divine providence
             ... invoked by an orc priest
              (11 damage)
             ... on level 3 of the Dungeon.
             The game lasted 00:05:55 (1653 turns).

FunkyPutin the Cudgeler (Gargoyle Fighter)          Turns: 1653, Time: 00:05:56

Health: -6/33      AC: 13    Str: 20    XL:     5   Next: 47%
Magic:  5/5        EV:  5    Int:  9    God:
Gold:   108        SH:  9    Dex:  9    Spells: 4/4 levels left

rFire    . . .     SeeInvis .   a - +1 flail
rCold    . . .     Gourm    .   c - +0 shield
rNeg     + . .     Faith    .   o - +0 chain mail
rPois    ∞         Spirit   .   (no helmet)
rElec    +         Reflect  .   (no cloak)
rCorr    .         Harm     .   (no gloves)
MR       .....                  (no boots)
Stlth    ..........             (no amulet)
HPRegen  0.11/turn              (no ring)
MPRegen  0.09/turn              (no ring)

@: no status effects
A: negative energy resistance 1, electricity resistance, unbreathing,
petrification resistance, rot immunity, AC +4
a: no special abilities


You were on level 3 of the Dungeon.
You were not hungry.

You visited 1 branch of the dungeon, and saw 3 of its levels.

You collected 108 gold pieces.

Inventory:

Hand Weapons
 a - a +1 flail (weapon)
 q - a +0 dire flail
Armour
 c - a +0 shield (worn)
 o - a +0 chain mail (worn)
Wands
 b - a wand of polymorph (2)
 h - a wand of paralysis (7)
Scrolls
 j - a scroll of magic mapping
 m - a scroll of enchant weapon
 p - a scroll of teleportation
Potions
 d - a potion of might
 e - a potion of mutation {unknown}
 g - 2 potions of magic {unknown}
 i - a potion of cancellation {unknown}
 k - 2 potions of brilliance
 l - a potion of invisibility {unknown}
 n - a potion of lignification {unknown}
Comestibles
 f - 8 rations


   Skills:
 + Level 3.7 Fighting
 * Level 4.5 Maces & Flails
 + Level 3.7 Armour
 + Level 4.0 Shields


You had 4 spell levels left.
You didn't know any spells.
Your spell library was empty.

Dungeon Overview and Level Annotations

Branches:
Dungeon (3/15)

Altars:
Kikubaaqudgha


Innate Abilities, Weirdness & Mutations

You are resistant to torment.
Your stone body is resilient. (AC +4)
You are immune to poison.
You resist negative energy. (rN+)
You are resistant to electric shocks. (rElec)
You can survive without breathing.
You are immune to petrification.
You are immune to rotting.


Message History

The orc hits you but does no damage. The orc barely misses you.
You hit the orc but do no damage.
The orc is heavily wounded.
The orc hits you but does no damage. You block the orc's attack.
You hit the orc but do no damage.
The orc is heavily wounded.
You block the orc's attack. The orc hits you but does no damage.
You closely miss the orc.
The orc is heavily wounded.
You block the orc's attack.
The orc priest mumbles some strange prayers to Beogh against you.
Beogh smites you!
* * * LOW HITPOINT WARNING * * *
The orc hits you from afar with a +0 trident.
* * * LOW HITPOINT WARNING * * *
The orc priest calls upon Beogh to heal the orc.
The orc's wounds heal themselves!
The orc priest invokes the aid of Beogh against you.
Beogh smites you!
You die...

#..............##.
##.......##'######.
#.....÷..##.#####..
#..................
#...####'######.#.#
#...# #....# #.#.#
##+####....####.#.#
#.###o.......#.#..
#@.oolo>.......+..
#.###o....##.#.#.†
#.# #.............
#.# #o######.#.#.#
#.# #o#..........#
#.. .o#...........
##. .o............
. l.#.####...##.
###+#....


You could see an orc priest, 4 orcs and a frilled lizard.

Vanquished Creatures
  An orc wizard (D:3)
  2 adders
  An ooze (D:3)
  2 worms (D:2)
  4 dart slugs
  2 leopard geckos (D:1)
  13 orcs (D:3)
  A giant cockroach (D:3)
  12 goblins
  6 hobgoblins
  13 jackals
  A ball python (D:1)
  5 bats
  4 frilled lizards
  7 kobolds
  8 rats
82 creatures vanquished.

Notes
Turn   | Place    | Note
-------+----------+-------------------------------------------
     0 | D:1      | FunkyPutin the Gargoyle Fighter began the quest for the
                  | Orb.
     0 | D:1      | Reached XP level 1. HP: 14/14 MP: 1/1
    24 | D:1      | Reached XP level 2. HP: 16/19 MP: 2/2
   178 | D:1      | Reached XP level 3. HP: 14/23 MP: 3/3
   664 | D:2      | Found an ancient bone altar of Kikubaaqudgha.
   716 | D:2      | Reached XP level 4. HP: 28/28 MP: 4/4
  1217 | D:3      | Reached XP level 5. HP: 28/33 MP: 5/5
  1653 | D:3      | Killed from afar by an orc priest

Skill      XL: |  1  2  3  4  5 |
---------------+----------------+-----
Maces & Flails | 3 4 |  4.5
Shields        | 4 |  4.0
Fighting       | |  3.7
Armour         | |  3.7

Action                   |  1- 3 |  4- 6 || total
-------------------------+-------+-------++-------
Melee: Flail             |   141 |   140 ||   281
  Use: Scroll            |       |     6 ||     6
  Eat: Chunk             |       |     3 ||     3
Armor: Scale mail        |    85 |    48 ||   133
       Chain mail        |       |    33 ||    33
Dodge: Dodged            |    57 |    37 ||    94
Block: Shield            |    76 |    99 ||   175
